 Dungeon Crawl Stone Soup version 0.27-a0-577-ge2a43ba0c9 (webtiles) character file.

Game seed: 2205090543271212032

6 jasper the Vexing (level 1, 6/10 HPs)
             Began as a Deep Elf Enchanter on Mar 9, 2021.
             Quit the game on level 3 of the Dungeon.
             The game lasted 00:01:03 (398 turns).

jasper the Vexing (Deep Elf Enchanter)               Turns: 398, Time: 00:01:03

Health: 6/10       AC:  2    Str:  5    XL:     1   Next: 75%
Magic:  6/6        EV: 12    Int: 19    God:
Gold:   16         SH:  0    Dex: 15    Spells: 5/6 levels left

rFire    . . .     SeeInvis .   a - +1 dagger
rCold    . . .     Faith    .   (no shield)
rNeg     . . .     Spirit   .   b - +0 robe
rPois    .         Reflect  .   (no helmet)
rElec    .         Harm     .   (no cloak)
rCorr    .         Rampage  .   (no gloves)
Will     .....                  (no boots)
Stlth    +++.......             (no amulet)
HPRegen  0.03/turn              (no ring)
MPRegen  0.10/turn              (no ring)

@: no status effects
A: no striking features
a: no special abilities


You were on level 3 of the Dungeon.
You visited 1 branch of the dungeon, and saw 3 of its levels.

You collected 16 gold pieces.

Inventory:

Hand Weapons
 a - a +1 dagger (weapon)
Armour
 b - a +0 robe (worn)


   Skills:
 - Level 1.0 Short Blades
 + Level 2.5 Dodging
 * Level 3.9 Stealth
 + Level 3.1 Spellcasting
 * Level 4.2 Hexes


You had 5 spell levels left.
You knew the following spells:

 Your Spells              Type           Power      Damage    Failure   Level
a - Corona                Hex            20%        N/A       2%          1

Your spell library contained the following spells:

 Spells                   Type           Power      Damage    Failure   Level
 Confusing Touch          Hex            18%        N/A       9%          3
 Tukima's Dance           Hex            18%        N/A       9%          3
 Ensorcelled Hibernation  Hex/Ice        20%        N/A       10%         2
 Dazzling Flash           Conj/Hex       20%        N/A       19%         3


Dungeon Overview and Level Annotations

Branches:
Dungeon (3/15)

Altars:

Annotations:
D:2 Terence


Message History

You kill the kobold!
The goblin shouts!
The orc shouts!
The adder hisses angrily.
You climb upwards.
There is a stone staircase leading down here.
Found an escape hatch in the floor.
You start resting.
A worm is nearby!
You regained 3 hp, and now have 7/10 hp.
Terence the Incautious comes into view.
He is wielding a +0 trident.
Terence shouts!
Terence barely misses you. Terence says, "Did you write a will?
You should..."
Found a leopard gecko skeleton.
A kobold comes into view. It is wielding a +0 dagger.
There is an escape hatch in the floor here.
Terence barely misses you.
You slide downwards.
The hatch slams shut behind you.
A rat and 4 gnolls come into view.
A gnoll is wielding a +0 spear of flaming.
Found 8 gold pieces.
Found a stone staircase leading down.
A hobgoblin comes into view. It is wielding a +0 club.
The gnoll shouts! x2; You hear a shout!
The gnoll throws a throwing net.
The throwing net hits you.
You become entangled in the net!
The gnoll shouts!
You see here a throwing net.
You struggle against the net.
The gnoll shouts!
You hear an angry hiss.
You struggle against the net.
You struggle against the net.
A hobgoblin comes into view. It is wielding a +0 club.
You rip the net and break free!
An adder comes into view.
The gnoll misses you.
You aren't carrying any scrolls.
Unknown command.
A quokka comes into view.
The rat bites you.
You take 2 damage, and have 6/10 hp.
Are you sure you want to abandon this character and quit the game? (Confirm with "yes".)

############
#....>......
#...r....$..
########.#....g..
#.....gg.........
#.....g.g.#.#..##
#....g....### .#
#...rS##### .♣
#..@### . #...#
#####


You could see 4 gnolls, an adder, a quokka, a hobgoblin and a rat.

Vanquished Creatures
  A giant cockroach (D:1)
  A hobgoblin (D:1)
  A kobold (D:3)
  A frilled lizard (D:1)
  2 rats (D:2)
6 creatures vanquished.

Notes
Turn   | Place    | Note
-------+----------+-------------------------------------------
     0 | D:1      | jasper the Deep Elf Enchanter began the quest for the Orb.
     0 | D:1      | Reached XP level 1. HP: 10/10 MP: 6/6
   361 | D:2      | Noticed Terence
   398 | D:3      | Quit the game

Illustrated notes

Levels and vault maps discovered:
D:1:      tarquinn_simple_flora_water_d, layout_basic, minmay_crystal_water,
          minmay_misc_feat_doors
D:2:      layout_loops_corners, lexackson_kobold_supper, uniq_terence
D:3:      cheibrodos_pilgrimage, layout_basic, nicolae_overflow_crystal_walls,
          chequers_ecumenical_altar_lobes, grunt_gozag_breadcrumbs, uniq_natasha

Action                   || total
-------------------------++-------
Melee: Dagger            ||    17
 Cast: Corona            ||     2
  Use: Potion            ||     1
 Stab: Sleeping          ||     4
Armor: Robe              ||     3
Dodge: Dodged            ||    17

Table legend: (Time is in decaauts)
 A = Elapsed time spent in this place.
 B = Non-inter-level travel time spent in this place.
 C = Inter-level travel time spent in this place.
 D = Time resting spent in this place.
 E = Time spent auto-exploring this place.
 F = Levels seen in this place.
 G = Mean time per level.
                   A        B        C        D        E       F      G
               +--------+--------+--------+--------+--------+-----+--------+
         Total |    398 |    398 |      0 |    209 |     40 |   3 |  132.7 |
       Dungeon |    398 |    398 |      0 |    209 |     40 |   3 |  132.7 |
               +--------+--------+--------+--------+--------+-----+--------+

Top non-repeatable levels by time:
     D:2: 222 daAuts
     D:1: 161 daAuts
     D:3: 15 daAuts
